 Dungeon Crawl Stone Soup version 0.29-a0-214-g17f627cfee (webtiles) character file.

Game seed: 1906832367916988230

2986 sammy202020 the Protected (level 9, 0/81 HPs)
             Began as a Minotaur Fighter on Feb 24, 2022.
             Succumbed to a kobold's poison
             ... on level 7 of the Dungeon.
             The game lasted 00:23:44 (7326 turns).

sammy202020 the Protected (Minotaur Fighter)        Turns: 7326, Time: 00:23:45

Health: 0/81       AC: 22    Str: 23    XL:     9   Next: 53%
Magic:  8/8        EV:  8    Int:  7    God:
Gold:   170        SH:  7    Dex: 12    Spells: 8/8 levels left

rFire   . . .      SeeInvis .   u - +1 flail (vorpal)
rCold   . . .      Faith    .   c - +1 buckler
rNeg    . . .      Spirit   .   v - +0 plate armour
rPois   .          Reflect  .   (helmet restricted)
rElec   .          Harm     .   g - +0 cloak
rCorr   +          Rampage  .   h - +1 pair of gloves
Will    +....                   y - +0 pair of boots
Stlth   ..........              (no amulet)
HPRegen 0.23/turn               f - ring of resist corrosion
MPRegen 0.11/turn               t - +4 ring of protection

@: mighty, lethally poisoned (0 -> -6), about to teleport
A: horns 2, retaliatory headbutt, strong-willed 1, strong 1, wild magic 1,
evolution 1
a: no special abilities


You were on level 7 of the Dungeon.
You visited 1 branch of the dungeon, and saw 7 of its levels.
You also visited: Sewer.

You collected 332 gold pieces.
You spent 162 gold pieces at shops.

Inventory:

Hand Weapons
 a - a +1 flail
 o - a +0 mace
 u - a +1 vorpal flail (weapon)
Missiles
 e - 5 throwing nets
Armour
 b - a +0 scale mail
 c - a +1 buckler (worn)
 g - a +0 cloak (worn)
 h - a +1 pair of gloves (worn)
 s - the +5 ring mail of Grace {rC+++ Str+4 Int-3}
   (You found it on level 4 of the Dungeon)

   Str:       It affects your strength (+4).
   Int:       It affects your intelligence (-3).
   rC:        It renders you almost immune to cold.
 v - a +0 plate armour (worn)
 y - a +0 pair of boots (worn)
Jewellery
 f - a ring of resist corrosion (left hand)
 t - a +4 ring of protection (right hand)
 w - an amulet of the acrobat
Wands
 j - a wand of acid (12)
 k - a wand of polymorph (8)
Scrolls
 m - 3 scrolls of fog
 p - a scroll of amnesia
 q - a scroll of identify
 x - a scroll of teleportation
Potions
 i - 3 potions of brilliance
 l - 3 potions of cancellation
 n - 4 potions of flight
 r - 4 potions of attraction
 z - a potion of curing {unknown}


   Skills:
 + Level 8.0 Fighting
 + Level 7.4 Maces & Flails
 + Level 8.1 Armour
 + Level 6.3 Dodging
 + Level 8.0 Shields


You had 8 spell levels left.
You didn't know any spells.
Your spell library contained the following spells:

 Spells                   Type           Power      Damage    Failure   Level
 Magic Dart               Conj           0%         1d3       100%        1
 Searing Ray              Conj           0%         2d4       100%        2
 Dazzling Flash           Conj/Hex       0%         N/A       100%        3
 Frozen Ramparts          Ice            0%         1d2       100%        3
 Portal Projectile        Hex/Tloc       0%         N/A       100%        3
 Fulminant Prism          Conj/Hex       0%         3d6       100%        4
 Ice Form                 Ice/Tmut       0%         N/A       100%        4
 Iskenderun's Mystic Bla  Conj/Tloc      0%         2d3       100%        4
 Summon Ice Beast         Ice/Summ       0%         N/A       100%        4
 Blade Hands              Tmut           0%         N/A       100%        5
 Excruciating Wounds      Necr           0%         N/A       100%        5
 Irradiate                Conj/Tmut      0%         3d13      100%        5
 Starburst                Conj/Fire      0%         6d3       100%        6
 Dragon Form              Tmut           0%         N/A       100%        7


Dungeon Overview and Level Annotations

Branches:
Dungeon (7/15)             Temple (0/1) D:7           Sewer (visited)

Altars:
Cheibriados
Nemelex Xobeh

Shops:
D:2 :   D:7 [


Innate Abilities, Weirdness & Mutations

You have a pair of horns on your head.
You reflexively headbutt those who attack you in melee.
You are strong-willed. (Will+)
Your muscles are strong. (Str +2)
Your spells are a little harder to cast, but a little more powerful.
You have hidden genetic potential.


Message History

You kill the kobold!
The kobold's corpse dissolves into shadows!
The kobold hits you but does no damage.
The kobold brigand hits you but does no damage.
The kobold throws a poisoned dart.
The poisoned dart hits you!
You are lethally poisoned!
Unknown command.
You sock the hornet!
You kill the hornet!
* * * LOW HITPOINT WARNING * * *
You feel extremely sick. The gnoll barely misses you.
You block the kobold brigand's attack. You block the kobold's attack.
The orc barely misses you. You furiously retaliate!
You headbutt the orc!
You kill the orc!
The gnoll dissolves into shadows!
The howler monkey zombie dissolves into shadows!
The ice beast dissolves into shadows!
The kobold brigand dissolves into shadows!
The kobold dissolves into shadows! x3
Your Fighting skill increases to level 8!
Your Armour skill increases to level 8!
Your Shields skill increases to level 8!
An orc warrior comes into view. It is wielding a +0 trident.
Found a robe and an embroidered scarf.
You feel yourself speed up.
* * * LOW HITPOINT WARNING * * *
You feel extremely sick.
The orc warrior shouts!
Unknown command.
* * * LOW HITPOINT WARNING * * *
You feel very sick.
You see here a +0 hand axe.
* * * LOW HITPOINT WARNING * * *
You feel very sick.
* * * LOW HITPOINT WARNING * * *
You feel sick.
As you read the scroll of teleportation, it crumbles to dust.
You feel strangely unstable.
You die...

##### ....# ##..##
#..).# #...#o## ...
....o #..# .#.# #..[
#@.####### .#.# ..[
#..≈.....# ## .#.# ..
#..####..# #. .#.#
.... .....###.#.## #.
.#.# ....#
##..####.###.#######.
...##... ...# #.##
##.....##. ...##.#
#### ##.###.####.##.
......# ##.#.## #.##.
...#..# ##..# #.##.


You could see an orc warrior.

Vanquished Creatures
  Harold (D:7)
  A hornet (D:7)
  An acid dragon (D:6)
  An orc warrior (D:7)
  A sky beast (D:7)
  3 ogres
  A necrophage (D:6)
  A centaur (D:7)
  A kobold brigand (D:6)
  Blork the orc (D:5)
  A wyvern zombie (D:5)
  A gnoll sergeant (D:6)
  2 scorpions
  A howler monkey (D:5)
  A bullfrog zombie (D:6)
  2 centaur zombies
  A jelly (D:5)
  A centaur skeleton (D:4)
  2 hounds
  A bullfrog skeleton (D:7)
  Natasha (D:3)
  3 iguanas
  A scorpion zombie (D:5)
  An orc wizard (D:7)
  Ijyb (D:3)
  A killer bee zombie (D:5)
  A hound skeleton (D:4)
  4 gnolls (D:6)
  4 river rats (Sewer)
  10 adders
  A howler monkey skeleton (D:6)
  A shadow imp (D:5)
  An ufetubus (D:5)
  An adder skeleton (D:4)
  4 worms
  5 dart slugs
  2 orcs (D:7)
  3 endoplasms
  4 giant cockroaches
  6 goblins
  A hobgoblin (D:2)
  5 quokkas (Sewer)
  18 ball pythons
  6 bats
  4 frilled lizards
  9 kobolds
  A rat (D:1)
124 creatures vanquished.

Vanquished Creatures (collateral kills)
  A ball python (D:2)
1 creature vanquished.

Grand Total: 125 creatures vanquished

Notes
Turn   | Place    | Note
-------+----------+-------------------------------------------
     0 | D:1      | sammy202020 the Minotaur Fighter began the quest for the
                  | Orb.
     0 | D:1      | Reached XP level 1. HP: 19/19 MP: 0/0
   249 | D:1      | Found a faded altar of an unknown god.
   318 | D:1      | Reached XP level 2. HP: 20/27 MP: 1/1
   920 | D:2      | Found Hateoneu's Book Shoppe.
  1149 | D:2      | Reached skill level 1 in Dodging
  1295 | D:2      | Reached XP level 3. HP: 31/33 MP: 2/2
  1513 | D:3      | Noticed Ijyb
  1523 | D:3      | Killed Ijyb
  1524 | D:3      | Reached XP level 4. HP: 27/35 MP: 3/3
  1625 | D:3      | Noticed a scorpion
  1634 | D:3      | Killed a scorpion
  1837 | D:3      | Noticed Natasha
  1845 | D:3      | Killed Natasha
  1846 | D:3      | Reached XP level 5. HP: 37/47 MP: 4/4
  2080 | D:4      | Found a sparkling altar of Nemelex Xobeh.
  2178 | D:4      | Found a glowing drain.
  2194 | Sewer    | Entered a sewer
  2556 | Sewer    | Reached XP level 6. HP: 34/55 MP: 5/5
  2559 | Sewer    | Reached skill level 5 in Armour
  2871 | Sewer    | Reached skill level 5 in Shields
  3082 | D:4      | Identified the +5 ring mail of Grace {rC+++ Str+4 Int-3}
  3254 | D:4      | Reached skill level 5 in Fighting
  3894 | D:5      | Entered Level 5 of the Dungeon
  3913 | D:5      | Reached XP level 7. HP: 61/61 MP: 6/6
  4410 | D:5      | Found a snail-covered altar of Cheibriados.
  4412 | D:5      | Noticed Blork the orc
  4423 | D:5      | Killed Blork the orc
  4424 | D:5      | Reached skill level 5 in Maces & Flails
  5090 | D:6      | Reached XP level 8. HP: 70/70 MP: 7/7
  5440 | D:6      | Gained mutation: You have sharp toenails. [potion of
                  | mutation]
  5440 | D:6      | Gained mutation: You are partially covered in iridescent
                  | scales. (AC +2) [potion of mutation]
  5440 | D:6      | Gained mutation: You are strong-willed. (Will+) [potion of
                  | mutation]
  5440 | D:6      | Gained mutation: You are highly strong-willed. (Will++)
                  | [potion of mutation]
  5441 | D:6      | Lost mutation: You have sharp toenails. [potion of
                  | mutation]
  5441 | D:6      | Lost mutation: You are partially covered in iridescent
                  | scales. (AC +2) [potion of mutation]
  5441 | D:6      | Lost mutation: You are highly strong-willed. (Will++)
                  | [potion of mutation]
  5441 | D:6      | Gained mutation: Your muscles are strong. (Str +2) [potion
                  | of mutation]
  5441 | D:6      | Gained mutation: You have hidden genetic potential. [potion
                  | of mutation]
  5624 | D:6      | Reached skill level 5 in Dodging
  6455 | D:7      | Noticed Harold
  6469 | D:7      | Killed Harold
  6470 | D:7      | Reached XP level 9. HP: 54/80 MP: 8/8
  6478 | D:7      | Gained mutation: Your spells are a little harder to cast,
                  | but a little more powerful. [hidden potential]
  6999 | D:7      | Found Teirahot's Antique Armour Shoppe.
  7009 | D:7      | Bought a pair of boots for 162 gold pieces
  7149 | D:7      | Found a staircase to the Ecumenical Temple.
  7314 | D:7      | Paralysed by a hornet for 1 turns
  7319 | D:7      | Paralysed by a hornet for 1 turns
  7324 | D:7      | HP: 4/81 [poisoned by a kobold]
  7326 | D:7      | Succumbed to a kobold's poison

Illustrated notes

Levels and vault maps discovered:
D:1:      dpeg_arrival_tiny_k, layout_basic,
          shapermc_ecumenical_altar_totnotflames
D:2:      layout_basic, serial_shops, nicolae_shop_hallway_stairs
D:3:      layout_rooms, serial_park_tiny_1, uniq_natasha, uniq_ijyb
D:4:      layout_cave_pods, nemelex_xobeh_ov_fountains_minmay,
          cheibrodos_sewer_entry_drain
D:5:      layout_basic, kennysheep_slug_shrine, uniq_blork_the_orc
D:6:      layout_gridville, grunt_ministairs_2, chequers_jeans
D:7:      minmay_chambers_of_fours, layout_loops_ring,
          minmay_temple_entry_butterflies, serial_shops, shop, minmay_circle_x,
          uniq_harold

Skill      XL: |  1  2  3  4  5  6  7  8  9 |
---------------+----------------------------+-----
Dodging        | 1 2 3 4 5 6 |  6.3
Armour         | 4 5 6 7 8 |  8.1
Fighting       | 4 5 6 7 8 |  8.0
Shields        | 4 5 6 7 8 |  8.0
Maces & Flails | 3 4 5 7 |  7.4

Action                   |  1- 3 |  4- 6 |  7- 9 || total
-------------------------+-------+-------+-------++-------
Melee: Flail             |    57 |   164 |   176 ||   397
       Headbutt          |    11 |    28 |    36 ||    75
Evoke: Wand              |       |       |     2 ||     2
  Use: Scroll            |     6 |     8 |     7 ||    21
       Potion            |       |       |     6 ||     6
Armor: Scale mail        |    32 |   123 |    70 ||   225
       Skin              |       |       |    16 ||    16
       Plate armour      |       |       |    37 ||    37
Dodge: Dodged            |    20 |   135 |   103 ||   258
Block: Buckler           |    14 |    76 |    59 ||   149

Table legend: (Time is in decaauts)
 A = Elapsed time spent in this place.
 B = Non-inter-level travel time spent in this place.
 C = Inter-level travel time spent in this place.
 D = Time resting spent in this place.
 E = Time spent auto-exploring this place.
 F = Levels seen in this place.
 G = Mean time per level.
                   A        B        C        D        E       F      G
               +--------+--------+--------+--------+--------+-----+--------+
         Total |   7579 |   7355 |    224 |    897 |   4454 |   8 |  947.4 |
       Dungeon |   6544 |   6320 |    224 |    742 |   4060 |   7 |  934.9 |
         Sewer |   1034 |   1034 |      0 |    155 |    394 |   1 | 1034.0 |
               +--------+--------+--------+--------+--------+-----+--------+

Top non-repeatable levels by time:
     D:6: 1445 daAuts
     D:5: 1142 daAuts
   Sewer: 1034 daAuts
     D:4: 966 daAuts
     D:7: 877 daAuts
     D:2: 780 daAuts
     D:3: 666 daAuts
     D:1: 666 daAuts
